 Dungeon Crawl Stone Soup version 0.30.1-11-g7821555f0a (webtiles) character file.

Game seed: 13025822087938542839

50 SacredBeard the Grave Robber (level 3, -3/26 HPs)
             Began as a Demonspawn Necromancer on Nov 18, 2023.
             Killed by divine providence
             ... invoked by an orc priest
              (15 damage)
             ... on level 3 of the Dungeon.
             The game lasted 00:02:46 (1265 turns).

SacredBeard the Grave Robber (DsNe)                 Turns: 1265, Time: 00:02:47

Health: -3/26      AC:  3    Str:  8    XL:     3   Next: 55%
Magic:  5/6        EV: 12    Int: 20    God:
Gold:   66         SH:  0    Dex: 13    Spells: 5/6 levels left

rFire   . . .        f - +2 dagger (vamp)
rCold   . . .        j - orb {light}
rNeg    . . .        a - +0 robe
rPois   .            (helmet restricted)
rElec   .            l - +0 cloak
rCorr   .            (no gloves)
SInv    .            (no boots)
Will    .....        (no amulet)
Stlth   +            (no ring)
HPRegen 0.24/turn    (no ring)
MPRegen 0.10/turn

%: no passive effects
@: glowing
A: antennae 1, big brain 1
a: no special abilities


You were on level 3 of the Dungeon.
You visited 1 branch of the dungeon, and saw 3 of its levels.

You collected 66 gold pieces.

Inventory:

Hand Weapons
 f - a +2 vampiric dagger (weapon)
Missiles
 d - 12 stones
Armour
 a - a +0 robe (worn)
 h - a +0 kite shield
 j - an orb of light (worn)
 k - a +0 buckler
 l - a +0 cloak (worn)
Scrolls
 c - 2 scrolls of magic mapping {unknown}
 g - 2 scrolls of identify {unknown}
 i - a scroll of amnesia {unknown}
Potions
 b - 2 potions of magic
 e - a potion of mutation {unknown}


   Skills:
 + Level 1.2 Fighting
 + Level 1.0 Armour
 - Level 2.0 Dodging
 + Level 2.2 Stealth
 - Level 2.0 Spellcasting
 * Level 5.0 Necromancy


You had 5 spell levels left.
You knew the following spells:

 Your Spells              Type           Power      Damage    Failure   Level
a - Necrotise             Necr           88%        1d8       1%          1

Your spell library contained the following spells:

 Spells                   Type           Power      Damage    Failure   Level
 Vampiric Draining        Necr           22%        2d7       6%          3
 Freeze                   Ice            8%         1d3       16%         1
 Animate Dead             Necr           22%        N/A       21%         4
 Blink                    Tloc           4%         N/A       24%         2
 Lesser Beckoning         Tloc           4%         N/A       24%         2
 Momentum Strike          Conj/Tloc      4%         3d8       24%         2
 Frozen Ramparts          Ice            4%         1d1       43%         3
 Hailstorm                Conj/Ice       2%         3d3       43%         3
 Agony                    Necr           22%        N/A       50%         5


Dungeon Overview and Level Annotations

Branches:
Dungeon (3/15) Zot: 16734

Altars:
Dithmenos

Annotations:
D:2 Terence


Innate Abilities, Weirdness & Mutations

You have a pair of small antennae on your head.
You have an unusually large brain. (Int +2)


Message History

Found 4 large rocks.
Found a shadowy altar of Dithmenos.
You now have 66 gold pieces (gained 17).
You pick up a book of Spatial Translocations and begin reading...
You add the spells Blink, Momentum Strike and Lesser Beckoning to your library.
An orc comes into view. It is wielding a +0 dagger.
You can't see any susceptible monsters within range! (Use Z to cast anyway.)
You can't see any susceptible monsters within range! (Use Z to cast anyway.)
You can't see any susceptible monsters within range! (Use Z to cast anyway.)
You can't see any susceptible monsters within range! (Use Z to cast anyway.)
You can't see any susceptible monsters within range! (Use Z to cast anyway.)
You can't see any susceptible monsters within range! (Use Z to cast anyway.)
The orc writhes in agony.
The orc writhes in agony.
You kill the orc!
You can't see any susceptible monsters within range! (Use Z to cast anyway.)
You can't see any susceptible monsters within range! (Use Z to cast anyway.)
You swap places.
An orc and an orc priest come into view.
The orc is wielding a +1 vampiric short sword.
The orc shouts!
The orc priest shouts!
An orc comes into view. It is wielding a +0 trident.
The orc priest calls down the wrath of Beogh upon you.
Pain shoots through your body!
Ouch! That really hurt!
Items here: $ ( ) [.
You are too injured to fight recklessly!
You are too injured to fight recklessly!
Casting: Necrotise (safe; 1% risk of failure)
Confirm with . or Enter, or press ? or * to list all spells.
Aiming: Necrotise (safe; 1% risk of failure)
Press: ? - help, Shift-Dir - straight line, f - orc priest
Aim: an orc priest, wielding a +0 falchion (haloed, chance to affect: 81%)
The orc priest writhes in agony!
The orc shouts!
An orc comes into view. It is wielding a +0 club.
The orc priest invokes the aid of Beogh against you.
Beogh smites you!
Ouch! That really hurt!
You die...

######...########
.......#........########
######...######..<.....#
##### #..#####.# #..# .
#########..####### .##
#................o ...#
#.#######....o.o.o
#..####.# #.@## #......#
#.Z# ##..##..# #..#
#..###..# #..#
...##...## #..###.#
.........######......#
.....##.........###..#
_...####.#.###### .#
.....##..#.# #


You could see an orc priest (ally target), 3 orcs and a friendly orc skeleton.

Vanquished Creatures
  2 adders
  An orc (D:3)
  2 ball pythons (D:1)
  3 bats
  2 endoplasms (D:1)
  A giant cockroach (D:1)
  2 goblins (D:1)
  2 hobgoblins
  A frilled lizard (D:1)
  A kobold (D:2)
  3 rats
20 creatures vanquished.

Vanquished Creatures (collateral kills)
  An adder (D:2)
1 creature vanquished.

Grand Total: 21 creatures vanquished

Notes
Turn   | Place    | Note
-------+----------+-------------------------------------------
     0 | D:1      | SacredBeard the Demonspawn Necromancer began the quest for
                  | the Orb.
     0 | D:1      | Reached XP level 1. HP: 13/13 MP: 3/3
   276 | D:1      | Gained mutation: You have an unusually large brain. (Int
                  | +2) [demonic ancestry]
   276 | D:1      | Reached XP level 2. HP: 20/20 MP: 3/5
   961 | D:2      | Reached skill level 1 in Fighting
   961 | D:2      | Gained mutation: You have a pair of small antennae on your
                  | head. [demonic ancestry]
   961 | D:2      | Reached XP level 3. HP: 2/26 MP: 1/6
  1088 | D:2      | Noticed Terence
  1160 | D:3      | Reached skill level 1 in Armour
  1160 | D:3      | Reached skill level 5 in Necromancy
  1199 | D:3      | Found a shadowy altar of Dithmenos.
  1265 | D:3      | Killed from afar by an orc priest

Illustrated notes

Levels and vault maps discovered:
D:1:      spicycebolla_arrival_xxxplode, layout_loops_ring
D:2:      layout_basic, fountainhead, uniq_terence, uniq_natasha
D:3:      layout_loops_ring, grunt_qazlal_sundering,
          mainiacjoe_overflow_tiny_flanked, eat_drink_and_be_merry_uskayaw,
          nicolae_dithmenos_shadow_blocks, corexii_corridor_pit

Skill      XL: |  1  2  3 |
---------------+----------+-----
Dodging        | 2 |  2.0
Stealth        | 2 |  2.2
Fighting       | 1 |  1.2
Armour         | 1 |  1.0
Necromancy     | 5 |  5.0
Spellcasting   | |  2.0

Action                     || total
---------------------------++-------
  Melee: Dagger            ||     7
   Cast: Necrotise         ||    37
    Use: Potion            ||     1
 Armour: Robe              ||     1
  Dodge: Dodged            ||    10
